 Dungeon Crawl Stone Soup version 0.19.1 (webtiles) character file.

67 LadySerpentine the Magician (level 3, -1/24 HPs)
             Began as a Demonspawn Wizard on Dec 1, 2016.
             Slain by a goblin
             ... wielding a +1 dagger of draining
              (5 damage)
             ... on level 1 of the Dungeon.
             The game lasted 00:12:58 (2059 turns).

LadySerpentine the Magician (Demonspawn Wizard)     Turns: 2059, Time: 00:13:01

Health: -1/24      AC:  2    Str:  7    XL:     3   Next: 98%
Magic:  5/8        EV: 12    Int: 20    God:
Gold:   36         SH:  0    Dex: 11    Spells: 1 memorised, 8 levels left

rFire  . . .     SeeInvis .     f - +4 short sword
rCold  . . .     Gourm    .     a - +0 robe
rNeg   . . .     Faith    .     (no shield)
rPois  .         Spirit   .     b - +0 hat
rElec  .         Reflect  .     (no cloak)
rCorr  .         Harm     .     (no gloves)
MR     .....                    (no boots)
Stlth  ++........               (no amulet)
                                (no ring)
                                j - ring of stealth

@: lethally poisoned (-1 -> -3), drained
A: hooves 1
a: no special abilities


You were on level 1 of the Dungeon.
You were not hungry.

You visited 1 branch of the dungeon, and saw 2 of its levels.

You collected 36 gold pieces.

Inventory:

Hand Weapons
 e - a +1 vampiric whip
 f - a +4 short sword (weapon)
Missiles
 d - 22 arrows
 k - 14 sling bullets
Armour
 a - a +0 robe (worn)
 b - a +0 hat (worn)
 p - a +0 plate armour
Jewellery
 j - a ring of stealth (left hand)
Scrolls
 h - a scroll of recharging {unknown}
 i - a scroll of teleportation {unknown}
 n - a scroll of random uselessness {unknown}
 q - a scroll of magic mapping {unknown}
 r - a scroll of fog {unknown}
 s - a scroll of amnesia {unknown}
Potions
 m - a potion of curing
 o - a potion of haste {unknown}
 t - a potion of heal wounds {unknown}
Books
 c - a book of Minor Magic

   Spells                             Type                      Level
   a - Magic Dart                     Conjuration                  1
   b - Blink                          Translocation                2
   c - Call Imp                       Summoning                    2
   d - Repel Missiles                 Charms/Air                   2
   e - Slow                           Hexes                        2
   f - Conjure Flame                  Conjuration/Fire             3
   g - Mephitic Cloud                 Conjuration/Poison/Air       3
Comestibles
 l - a bread ration


   Skills:
 + Level 1.5(0.8) Short Blades
 + Level 2.4(1.7) Dodging
 + Level 2.1(1.5) Stealth
 + Level 3.6(2.9) Spellcasting
 + Level 1.1(0.4) Conjurations
   Level 1.0(0.3) Summonings
   Level 0.8(0.2) Translocations


You had 8 spell levels left.
You knew the following spells:

 Your Spells              Type           Power        Failure   Level  Hunger
a - Magic Dart            Conj           #...         14%         1    None


Dungeon Overview and Level Annotations

Branches:
Dungeon (2/15)

Altars:
Qazlal


Innate Abilities, Weirdness & Mutations

You have large cloven feet.


Message History

The adder barely misses you. The kobold closely misses you.
The goblin misses you. The adder misses you.
You climb upwards.
There is a stone staircase leading down here.
Casting: Magic Dart
Confirm with . or Enter, or press ? or * to list all spells.
Aiming: Magic Dart
Press: ? - help, Shift-Dir - straight line, f - adder
Aim: an adder (heavily wounded)
The magic dart hits the adder.
The adder is heavily wounded.
You feel sick. The kobold closely misses you. The adder closely misses you.
The goblin closely misses you.
You barely miss the adder.
The adder is heavily wounded.
The adder bites you.
* * * LOW HITPOINT WARNING * * *
The kobold barely misses you.
The goblin hits you with a dagger of draining.
You die...

#.....#...#.....#.#
#..<..#...')....#.#
#...(.##.##.....#.#
#####(####.########.#
#......##...##......#
##..((..##...##.....##
...###'####.####'####
##.#.....##.##..Sg.#
#.#.....#...#..@..#
#.#.....#...#..K..#
#.#######...#######
#..........##
############


You could see an adder, a goblin and a kobold.

Vanquished Creatures
  2 adders (D:2)
  2 dart slugs
  4 leopard geckos
  6 goblins
  5 hobgoblins
  9 kobolds
  A ball python (D:1)
  4 bats
  3 frilled lizards
  4 rats
40 creatures vanquished.

Notes
Turn   | Place    | Note
-------+----------+-------------------------------------------
     0 | D:1      | LadySerpentine the Demonspawn Wizard began the quest for the Orb.
     0 | D:1      | Reached XP level 1. HP: 13/13 MP: 4/4
   695 | D:1      | Gained mutation: You have large cloven feet. [demonic ancestry]
   695 | D:1      | Reached XP level 2. HP: 15/19 MP: 3/6
  1264 | D:1      | Reached XP level 3. HP: 22/24 MP: 4/8
  1267 | D:1      | Reached skill level 1 in Short Blades
  1508 | D:2      | Found a stormy altar of Qazlal.
  2059 | D:1      | Slain by a goblin

Skill      XL: |  1  2  3 |
---------------+----------+-----
Stealth        | 2 |  2.1
Dodging        | 2 |  2.4
Short Blades   | 1 |  1.5
Spellcasting   | |  3.6
Conjurations   | |  1.1
Summonings     | |  1.0
Translocations | |  0.8

Action                   || total
-------------------------++-------
Melee: Short sword       ||    79
       Unarmed           ||     1
       Kick              ||     4
 Cast: Magic Dart        ||    44
  Use: Scroll            ||     2
       Potion            ||     1
 Stab: Sleeping          ||     3
  Eat: Bread ration      ||     1
Armor: Robe              ||    20
Dodge: Dodged            ||    65
